 Dungeon Crawl Stone Soup version 0.18-a0-1028-g6e46bd4 (webtiles) character file.

56 Leibowitz the Skirmisher (level 3, 0/31 HPs)
             Began as a Demigod Fighter on Jan 9, 2016.
             Slain by a goblin
             ... wielding a +0 club
             ... led by Robin
              (3 damage)
             ... on level 2 of the Dungeon.
             The game lasted 00:03:08 (1223 turns).

Leibowitz the Skirmisher (Demigod Fighter)          Turns: 1223, Time: 00:03:08

Health: 0/31       AC:  4    Str: 24    XL:     3   Next: 48%
Magic:  5/5        EV:  9    Int: 12    God:
Gold:   60         SH: 10    Dex: 17    Spells: 0 memorised, 2 levels left

rFire  . . .     SeeInvis .     a - +0 long sword
rCold  . . .     Gourm    .     l - +0 leather armour
rNeg   . . .     Faith    .     c - +0 shield
rPois  .         Spirit   .     (no helmet)
rElec  .         Dismiss  .     m - +0 cloak (curse)
rCorr  .         Reflect  .     (no gloves)
SustAt +         Harm     .     (no boots)
MR     .....                    (no amulet)
Stlth  +.........               (no ring)
                                (no ring)

@: mighty, slowed, very slow, not resistant to hostile enchantments, very
unstealthy
A: high mp 1, sustain attributes
a: no special abilities


You were on level 2 of the Dungeon.
You were very hungry.

You visited 1 branch of the dungeon, and saw 2 of its levels.

You collected 60 gold pieces.

Inventory:

Hand Weapons
 a - a +0 long sword (weapon)
Armour
 c - a +0 shield (worn)
 l - a +0 leather armour (worn)
 m - a cursed +0 cloak (worn)
Scrolls
 b - a scroll of teleportation
 e - 2 scrolls of identify
 g - a scroll of blinking {unknown}
 j - a scroll of fog {unknown}
 k - a scroll of remove curse {unknown}
Comestibles
 f - 2 bread rations
 h - a meat ration


   Skills:
 * Level 3.2 Fighting
 * Level 2.1 Long Blades
 * Level 2.9 Armour
 * Level 0.8 Dodging
 * Level 0.4 Stealth
 * Level 3.1 Shields


You had 2 spell levels left.
You didn't know any spells.

Dungeon Overview and Level Annotations

Branches:
Dungeon (2/15)


Innate Abilities, Weirdness & Mutations

You have an increased reservoir of magic (+10% MP).
Your attributes are resistant to harm.


Message History

The hobgoblin hits you but does no damage.
A hobgoblin comes into view. It is wielding a club.
The hobgoblin shouts!
You slash the hobgoblin!
You kill the hobgoblin!
The goblin hits you with a club.
* * * LOW HITPOINT WARNING * * *
You block the hobgoblin's attack. The goblin hits you but does no damage.
The goblin hits you with a club.
* * * LOW HITPOINT WARNING * * *
The hobgoblin hits you but does no damage.
You aren't carrying any potions.
Read which item? (? for menu, Esc to quit)
As you read the scroll labeled ILU XIAS CIFUTT, it crumbles to dust.
It is a scroll of identify.
Identify which item? (\ to view known items) (? for menu, Esc to quit)
b - a scroll of teleportation; The goblin hits you with a club.
* * * LOW HITPOINT WARNING * * *
The goblin hits you with a club.
You die... #####........... # ).....#'####.... # #######.# . g... # # #.# .... # # #.# gg...

# ##'##### ..... ### #......#
#...... #.. #......# ####......
#.. #......# #@gg..## #..
#######'##### #gg....# ###.. ....#
#.########wg....+ .....
....###.##............###########
....##.......####......##......#
.........8...# #......##.####.##
....#...8.8..# ###'##.##........
....##.8._.8.######.##รท#...###...
....##..8.8.(...#....#.#.#.# ####


You could see a worm, 2 hobgoblins and 3 goblins.

Vanquished Creatures
  Robin (D:2)
  An adder (D:2)
  2 worms (D:2)
  5 giant cockroaches
  4 goblins
  5 hobgoblins
  4 kobolds
  A ball python (D:2)
  3 bats (D:1)
  3 giant newts (D:1)
  4 rats
33 creatures vanquished.

Notes
Turn   | Place    | Note
--------------------------------------------------------------
     0 | D:1      | Leibowitz the Demigod Fighter began the quest for the Orb.
     0 | D:1      | Reached XP level 1. HP: 18/18 MP: 3/3
   145 | D:1      | Reached XP level 2. HP: 23/25 MP: 4/4
   238 | D:1      | Reached skill level 3 in Fighting
   968 | D:2      | Found a faded altar to an unknown god.
  1155 | D:2      | Reached XP level 3. HP: 25/31 MP: 5/5
  1204 | D:2      | Noticed Robin
  1218 | D:2      | Killed Robin
  1223 | D:2      | Slain by a goblin

Vault maps used:
D:1:      scummos_arrival_forest
D:2:      vehumet_crystals, first_bread, ecumenical_altar_2, uniq_robin

Action                   || total
-------------------------++-------
Melee: Long sword        ||   109
  Use: Potion            ||     3
       Scroll            ||     1
